 Dungeon Crawl Stone Soup version 0.23-a0-539-g3f6f39f (webtiles) character file.

24 caransebes123 the Skirmisher (level 3, -2/33 HPs)
             Began as a Ghoul Fighter on Dec 7, 2018.
             Slain by a gnoll
             ... wielding a +0 halberd
              (3 damage)
             ... on level 2 of the Dungeon.
             The game lasted 00:02:08 (766 turns).

caransebes123 the Skirmisher (Ghoul Fighter)         Turns: 766, Time: 00:02:09

Health: -2/33      AC:  6    Str: 20    XL:     3   Next: 2%
Magic:  2/2        EV:  7    Int:  3    God:
Gold:   62         SH:  8    Dex:  8    Spells: 2/2 levels left

rFire    . . .     SeeInvis .     - Unarmed
rCold    + + .     Gourm    .   b - +0 shield
rNeg     + + +     Faith    .   a - +0 scale mail
rPois    ∞         Spirit   .   (no helmet)
rElec    .         Reflect  .   (no cloak)
rCorr    .         Harm     .   (no gloves)
MR       .....                  (no boots)
Stlth    ..........             (no amulet)
HPRegen  0.00/turn              i - ring of protection from cold
MPRegen  0.08/turn              (no ring)

@: rotting
A: rotting body, claws 1, carnivore, cold resistance 1, negative energy
resistance 3, inhibited regeneration, torment resistance, unbreathing
a: no special abilities


You were on level 2 of the Dungeon.
You were not hungry.

You visited 1 branch of the dungeon, and saw 2 of its levels.

You collected 62 gold pieces.

Inventory:

Hand Weapons
 g - a +2 dagger of flaming
Armour
 a - a +0 scale mail (worn)
 b - a +0 shield (worn)
Jewellery
 i - a ring of protection from cold (left claw)
Scrolls
 e - a scroll of fog {unknown}
 f - a scroll of identify
 h - a scroll of fear {unknown}
Comestibles
 d - 2 rations


   Skills:
 + Level 3.8 Fighting
 + Level 2.9 Armour
 + Level 2.9 Shields
 + Level 2.4 Unarmed Combat


You had 2 spell levels left.
You didn't know any spells.
Your spell library was empty.

Dungeon Overview and Level Annotations

Branches:
Dungeon (2/15)

Altars:


Innate Abilities, Weirdness & Mutations

Your body is rotting away.
You thrive on raw meat.
You are immune to poison.
You have sharp fingernails.
You are carnivorous and can eat meat at any time.
Your flesh is cold resistant. (rC+)
You are immune to negative energy. (rN+++)
You do not regenerate when monsters are visible.
You are immune to unholy pain and torment.
You can survive without breathing.


Message History

You hear a shout!
You hear an angry hiss.
A bat, 3 gnolls and a gnoll shaman come into view.
The gnoll shaman shouts!
The gnoll shouts! x3
A giant cockroach comes into view.
You block the gnoll's attack. The gnoll hits you with a +0 halberd.
* * * LOW HITPOINT WARNING * * *
Found a chain mail.
Found a stone staircase leading up.
A gnoll and a dart slug come into view.
You feel a little less mighty now.
The gnoll shouts!
The giant cockroach barely misses you. You block the gnoll's attack.
An adder comes into view.
The adder hisses angrily.
The adder moves out of view.
The giant cockroach bites you but does no damage.
There is a stone staircase leading up here.
You can't go down here!
The giant cockroach bites you but does no damage.
The gnoll hits you from afar with a +0 halberd.
You die...

.#[ ...#. .. ... .## #...... #.
.....# #. ....... #.# #.#.# #.#
....... ###b. ...# #.# .......
###...w#### #.#######.# .......
.g<...g...###gs@...##.##.......
...###.#gg.g..................
#.#######..#.##.......... #.#
##..$....#....... #.#
#.......#..[.... #g#
####.....$.........
####g#####..g...............
#..........###......###.....
#....##.####### ####..## #.###


You could see a gnoll shaman, 3 gnolls and a giant cockroach.

Vanquished Creatures
  An adder (D:2)
  A dart slug (D:1)
  A leopard gecko (D:2)
  2 bats (D:1)
  A giant cockroach (D:2)
  A hobgoblin (D:1)
  3 frilled lizards
  2 kobolds (D:1)
  A rat (D:1)
13 creatures vanquished.

Notes
Turn   | Place    | Note
-------+----------+-------------------------------------------
     0 | D:1      | caransebes123 the Ghoul Fighter began the quest for the
                  | Orb.
     0 | D:1      | Reached XP level 1. HP: 19/19 MP: 0/0
   283 | D:1      | Reached XP level 2. HP: 26/26 MP: 1/1
   698 | D:2      | Reached XP level 3. HP: 13/33 MP: 2/2
   757 | D:2      | HP: 1/33 [gnoll/+0 halberd (1)]
   766 | D:2      | Slain by a gnoll

Vault maps used:
D:1:      ebering_trefoil_3fold, serial_glass, glass_columns_c, glass_columns_a,
          hangedman_abyss_or_decor_lesser_grid, minmay_misc_feat_encased
D:2:      grunt_dithmenos_smoke_and_mirrors, uniq_jessica

Action                   || total
-------------------------++-------
Melee: Unarmed           ||    40
  Use: Scroll            ||     2
       Potion            ||     1
  Eat: Chunk             ||     5
Armor: Scale mail        ||    15
Dodge: Dodged            ||    24
Block: Shield            ||    31

Table legend:
 A = Non-vault XP
 B = Vault XP
 C = Vault XP percentage of total XP
 D = Non-vault monster count
 E = Vault monster count
 F = Vault count percentage of total count
                 A         B        C        D         E       F
            +---------+---------+-------+---------+---------+-------
      Total |      35 |       0 |   0.0 |      13 |       0 |   0.0
            +---------+---------+-------+---------+---------+-------
        D:1 |      15 |       0 |   0.0 |       8 |       0 |   0.0
        D:2 |      20 |       0 |   0.0 |       5 |       0 |   0.0
            +---------+---------+-------+---------+---------+-------
